[Event "Titled Tuesday Blitz October 19 2021"]
[White "Goltsev, Dmitry"]
[Black "Saravana, Krishnan P."]
[WhiteFideId "24176710"]
[BlackFideId "5018382"]
[WhiteElo "2334"]
[BlackElo "2245"]
[Result "1-0"]
[Round "02"]
[TimeControl "180+1"]
[Date "2021.10.19"]
[WhiteClock "0:02:05"]
[BlackClock "0:02:11"]

1. e4 e6 2. d4 d5 3. exd5 exd5 4. Bd3 c5 5. dxc5 Bxc5 6. Nf3 Nf6 7. O-O O-O 8. h3 Nc6 9. Nc3 a6 10. Bg5 Be6 11. Qd2 Rc8 12. Rad1 Be7 13. Rfe1 h6 14. Bxh6 gxh6 15. Qxh6 Nb4 16. Re5 1-0


[Site "https://www.chess.com"]

[Event "Titled Tuesday Blitz October 19 2021"]
[White "Iskusnyh, Sergei"]
[Black "Yilmaz, Mustafa"]
[WhiteFideId "4120027"]
[BlackFideId "6302718"]
[WhiteElo "2492"]
[BlackElo "2518"]
[Result "0-1"]
[Round "02"]
[TimeControl "180+1"]
[Date "2021.10.19"]
[WhiteClock "0:00:03"]
[BlackClock "0:00:27"]

1. d4 Nf6 2. c4 e6 3. g3 c5 4. Nf3 cxd4 5. Nxd4 Qc7 6. Nd2 Nc6 7. Nb5 Qb6 8. Bg2 d5 9. O-O Be7 10. cxd5 exd5 11. Nc3 Be6 12. e4 dxe4 13. Ndxe4 Rd8 14. Nxf6+ Bxf6 15. Qh5 O-O 16. Ne4 Bd4 17. Bg5 f6 18. Bf4 Bxb2 19. Rad1 Bxa2 20. Nd6 Be5 21. Nf5 Bxf4 22. Bxc6 g6 23. Qg4 Be5 24. Ne7+ Kg7 25. Bf3 Be6 26. Qa4 Qc5 0-1


[Site "https://www.chess.com"]

[Event "Titled Tuesday Blitz October 19 2021"]
[White "Ivanov, Mike"]
[Black "Moskalenko, Alexander"]
[WhiteFideId "2613158"]
[BlackFideId "4155351"]
[WhiteElo "2182"]
[BlackElo "2515"]
[Result "0-1"]
[Round "02"]
[TimeControl "180+1"]
[Date "2021.10.19"]
[WhiteClock "0:00:06"]
[BlackClock "0:00:35"]

1. e4 Nf6 2. e5 Nd5 3. c4 Nb6 4. d4 d6 5. Nf3 Nc6 6. e6 fxe6 7. Nc3 g6 8. h4 Bg7 9. h5 e5 10. hxg6 hxg6 11. Rxh8+ Bxh8 12. Bd3 Bf5 13. Bxf5 gxf5 14. d5 Qd7 15. dxc6 Qxc6 16. b3 O-O-O 17. Bb2 d5 18. cxd5 Nxd5 19. Nxd5 Rxd5 20. Qe2 Qh6 21. Qc4 e6 22. Rc1 c6 23. Qh4 Qf8 24. Rd1 Bf6 25. Qa4 e4 26. Rxd5 exd5 27. Bxf6 exf3 28. Be5 fxg2 29. Bh2 Qh6 30. Qb4 a5 0-1


[Site "https://www.chess.com"]

[Event "Titled Tuesday Blitz October 19 2021"]
[White "Jobava, Baadur"]
[Black "Khoroshev, Nikita"]
[WhiteFideId "13601520"]
[BlackFideId "14200287"]
[WhiteElo "2731"]
[BlackElo "2376"]
[Result "1-0"]
[Round "02"]
[TimeControl "180+1"]
[Date "2021.10.19"]
[WhiteClock "0:00:23"]
[BlackClock "0:00:14"]

1. e4 e5 2. Nf3 Nc6 3. d4 exd4 4. Nxd4 Qh4 5. Nc3 Bb4 6. Nb5 Ba5 7. Bd3 a6 8. Na3 b5 9. Nb1 Ne5 10. O-O Nf6 11. Nd5 Nxd5 12. exd5 O-O 13. Be2 Bb6 14. a4 Bb7 15. a5 Ba7 16. Ra3 Rfe8 17. Rg3 Qd4 18. Qxd4 Bxd4 19. Rd1 Bc5 20. Kf1 c6 21. Nc3 Ng6 22. Bf3 Bb4 23. dxc6 Bxc6 24. Nd5 Bxa5 25. h4 Kh8 26. h5 Ne5 27. h6 g6 28. b4 Bxd5 29. Bxd5 Bxb4 30. Bxa8 Rxa8 31. Bb2 f6 32. f4 Nc4 33. Bxf6+ Kg8 34. Rxd7 Re8 35. Rgd3 Ne3+ 36. Kg1 Ng4 37. Bh4 Bc5+ 38. Kh1 Bf2 39. Rd8 Kf7 40. R3d7+ Ke6 41. Rxe8+ Kxd7 42. Re7+ Kd6 43. Bg5 Nxh6 44. Rxh7 Ng4 45. Rg7 Kd5 46. Rxg6 a5 47. f5 a4 48. f6 Ke6 49. Rg8 Bd4 50. Re8+ Kf7 51. Re7+ Kg6 52. Rg7+ Kf5 53. Rd7 Bxf6 54. Rd5+ Ke6 55. Rxb5 Bc3 56. Bc1 Nf2+ 57. Kh2 Ne4 58. g4 Nd6 59. Rb6 Kd5 60. Ra6 Nb5 61. Rxa4 Nd4 62. Ra2 Ne2 63. Bb2 Bd2 64. Ba1 Ke4 65. c4 Bf4+ 66. Kg2 Nc1 67. Ra4 Nd3 68. c5+ Kd5 69. Rd4+ 1-0


[Site "https://www.chess.com"]

[Event "Titled Tuesday Blitz October 19 2021"]
[White "Kamsky, Gata"]
[Black "Bartel, Michal"]
[WhiteFideId "2000024"]
[BlackFideId "1119257"]
[WhiteElo "2603"]
[BlackElo "2211"]
[Result "1-0"]
[Round "02"]
[TimeControl "180+1"]
[Date "2021.10.19"]
[WhiteClock "0:00:37"]
[BlackClock "0:00:21"]

1. d4 d6 2. Nf3 g6 3. c3 Bg7 4. Bg5 h6 5. Bh4 Nf6 6. Nbd2 Bf5 7. e3 c6 8. Be2 O-O 9. O-O Nbd7 10. Qb3 Qb6 11. Nc4 Qxb3 12. axb3 Rfe8 13. Na5 Rab8 14. Nd2 g5 15. Bg3 Ne4 16. Nxe4 Bxe4 17. b4 a6 18. Rfd1 Red8 19. f3 Bg6 20. e4 f5 21. exf5 Bxf5 22. Nc4 Nf6 23. Ne3 Bg6 24. Re1 Kh7 25. Bc4 Re8 26. Be6 Nh5 27. d5 cxd5 28. Nxd5 Nxg3 29. hxg3 Bf6 30. Nxf6+ exf6 31. Rad1 Rbd8 32. Bd5 Rxe1+ 33. Rxe1 Rd7 34. Kf2 Kg7 35. Rd1 Bf7 36. Be4 Be6 37. g4 d5 38. Bc2 Rc7 39. Ke3 Kf7 40. Bd3 Rc8 41. Rh1 Kg7 42. Kd4 Rc7 43. Ra1 Rc8 44. b5 axb5 45. Ra7 Rc7 46. Bxb5 Rf7 47. Bd3 h5 48. gxh5 g4 49. f4 f5 50. Ra8 Re7 51. Rd8 Kh6 52. g3 Kxh5 53. Ke5 Kg6 54. Kd6 Kf7 55. Rh8 Rd7+ 56. Ke5 d4 57. Rh7+ Ke8 58. Bb5 1-0


[Site "https://www.chess.com"]

[Event "Titled Tuesday Blitz October 19 2021"]
[White "Kovalev, Vladislav"]
[Black "Padmini, Rout"]
[WhiteFideId "13504398"]
[BlackFideId "5029295"]
[WhiteElo "2573"]
[BlackElo "2196"]
[Result "1-0"]
[Round "02"]
[TimeControl "180+1"]
[Date "2021.10.19"]
[WhiteClock "0:00:20"]
[BlackClock "0:00:01"]

1. e4 e5 2. Nf3 Nc6 3. Bb5 a6 4. Ba4 Nf6 5. O-O b5 6. Bb3 Bb7 7. d3 Be7 8. a3 O-O 9. Nc3 d6 10. Re1 Nb8 11. Ne2 Nbd7 12. Ng3 Nc5 13. Ba2 Re8 14. h3 Bf8 15. Be3 Ne6 16. Qd2 g6 17. Ng5 c5 18. Nxe6 fxe6 19. b4 cxb4 20. axb4 d5 21. Bg5 Bg7 22. Bb3 Kh8 23. Re2 Qd6 24. Rae1 d4 25. f4 Nd7 26. f5 exf5 27. exf5 Rac8 28. Rf1 Nf6 29. Bxf6 Qxf6 30. Be6 Rc7 31. Ne4 Bxe4 32. Rxe4 Rf8 33. Rf3 gxf5 34. Bxf5 Rcf7 35. Bg4 Qh6 36. Qxh6 Bxh6 37. Rxe5 Be3+ 38. Kf1 Bd2 39. Re6 Bxb4 40. Rxa6 Bd2 41. Rd6 Be3 42. Ke2 Rxf3 43. Bxf3 b4 44. Rb6 Rc8 45. Bc6 Kg7 46. Kf3 Bd2 47. Ke4 1-0


[Site "https://www.chess.com"]

[Event "Titled Tuesday Blitz October 19 2021"]
[White "Lagunow, Raphael"]
[Black "Kezin, Roman"]
[WhiteFideId "24652644"]
[BlackFideId "24124621"]
[WhiteElo "2400"]
[BlackElo "2557"]
[Result "0-1"]
[Round "02"]
[TimeControl "180+1"]
[Date "2021.10.19"]
[WhiteClock "0:00:06"]
[BlackClock "0:00:22"]

1. e4 c5 2. Nf3 b6 3. d4 cxd4 4. Nxd4 Bb7 5. Bd3 e6 6. O-O a6 7. c4 Qc7 8. Nc3 Nf6 9. Qe2 Bc5 10. Nc2 Nc6 11. Be3 d6 12. f4 O-O 13. Rad1 Rad8 14. a3 e5 15. fxe5 Nxe5 16. Nd4 Nfg4 17. Nd5 Bxd5 18. exd5 Rde8 19. Bf2 Nxf2 20. Qxf2 Ng4 21. Qf4 Ne3 22. Qh4 g6 23. Kh1 Nxd1 24. Rxd1 Qe7 25. Nf3 Qxh4 26. Nxh4 Re3 27. Nf3 Rfe8 28. b4 Bd4 29. h4 Bb2 30. a4 Ba3 31. b5 a5 32. Kg1 Bc5 33. Kf1 Kg7 34. Rd2 Bb4 35. Rd1 h6 36. Kf2 Bc5 37. Kg3 f5 38. h5 gxh5 39. Bxf5 Kf6 40. Bd3 Rg8+ 41. Kh3 h4 42. Rf1 Ke7 43. Bf5 Bd4 44. Rd1 Be5 45. Rd2 Bf6 46. Be6 Rg7 47. Kh2 h5 48. Kh3 Re4 49. Kh2 Rxc4 50. Re2 Kd8 51. Bf5 Re7 52. Be6 Rxa4 53. Rc2 Rc7 54. Rc6 Rxc6 55. dxc6 Rb4 56. Nd2 Rxb5 57. Ne4 Be7 58. Kh3 Rc5 59. Bd7 a4 60. Nxc5 bxc5 61. Be6 Kc7 62. Bd5 Bf6 63. Kh2 Kb6 64. Kh3 Bd8 65. g3 hxg3 66. Kxg3 Kb5 67. Kf4 c4 68. Be4 Kc5 69. Bc2 d5 70. Bxa4 d4 71. Ke4 h4 72. Kf3 Bc7 73. Kg2 d3 74. Bd1 c3 75. Kh3 c2 76. Bxc2 dxc2 0-1


[Site "https://www.chess.com"]

[Event "Titled Tuesday Blitz October 19 2021"]
[White "Lazavik, Denis"]
[Black "Williams, Simon K"]
[WhiteFideId "13515110"]
[BlackFideId "404454"]
[WhiteElo "2436"]
[BlackElo "2468"]
[Result "1-0"]
[Round "02"]
[TimeControl "180+1"]
[Date "2021.10.19"]
[WhiteClock "0:00:08"]
[BlackClock "0:00:07"]

1. d4 e6 2. Nf3 f5 3. g3 Nf6 4. Bg2 Be7 5. O-O O-O 6. c4 d6 7. b3 Ne4 8. Bb2 Bf6 9. Nbd2 Nc6 10. Ne1 Nxd2 11. Qxd2 e5 12. Bd5+ Kh8 13. Bxc6 bxc6 14. dxe5 dxe5 15. Qxd8 Rxd8 16. Nd3 Re8 17. Rad1 e4 18. Ne5 Be6 19. Rd2 Bxe5 20. Bxe5 Rac8 21. Bc3 Kg8 22. Rfd1 Kf7 23. f3 exf3 24. exf3 g5 25. Kf2 a6 26. Rd4 Ra8 27. h4 h6 28. Ba5 Rac8 29. Bb4 Kg6 30. Re1 Kf7 31. hxg5 hxg5 32. Bd2 Kg6 33. Re5 Bf7 34. Rxe8 Rxe8 35. Rd7 Rh8 36. Rxc7 Rh2+ 37. Ke3 f4+ 38. gxf4 gxf4+ 39. Kd3 Be6 40. Rxc6 Kf5 41. Rc5+ Kf6 42. Bxf4 Rxa2 43. Kc3 Ra1 44. Be5+ Ke7 45. Rc7+ Kd8 46. f4 Bf5 47. Kb4 Bd7 48. Ra7 Ke7 49. Kc5 Ke6 50. b4 Rc1 51. Rxa6+ Kf5 52. Rf6+ Ke4 53. b5 Bg4 54. b6 Be2 55. b7 Rxc4+ 56. Kd6 Rb4 57. Kc7 Rc4+ 58. Rc6 Rb4 59. b8=Q 1-0


[Site "https://www.chess.com"]

[Event "Titled Tuesday Blitz October 19 2021"]
[White "Materia, Marco"]
[Black "Rasulov, Vugar"]
[WhiteFideId "45150451"]
[BlackFideId "13402390"]
[WhiteElo "2588"]
[BlackElo "2560"]
[Result "0-1"]
[Round "02"]
[TimeControl "180+1"]
[Date "2021.10.19"]
[WhiteClock "0:00:04"]
[BlackClock "0:00:51"]

1. Nf3 d5 2. e3 Nf6 3. c4 c6 4. Nc3 e6 5. b3 Bd6 6. Bb2 O-O 7. d4 Qe7 8. Be2 Nbd7 9. O-O dxc4 10. bxc4 e5 11. Re1 h6 12. Bf1 Re8 13. Qc2 e4 14. Nd2 Nf8 15. g3 Bf5 16. Bg2 h5 17. d5 h4 18. dxc6 bxc6 19. Ne2 Ng4 20. Nd4 Bg6 21. Nxc6 Qg5 22. Nf1 hxg3 23. hxg3 Qh5 24. Qc3 Ne6 25. Rad1 Bf8 26. Rd5 Ng5 27. Qa5 f6 28. Red1 Rac8 29. Nxa7 Rxc4 30. Rd7 Rc5 31. Qb6 Nh3+ 32. Bxh3 Qxh3 33. R1d5 Rc2 34. Rd2 Rxd2 35. Rxd2 Bf7 36. Nc6 Bh5 37. Qb5 Nh6 38. Nd4 Re5 39. Qc4+ Bf7 40. Qc6 Bd5 41. Qc7 Rh5 0-1


[Site "https://www.chess.com"]

[Event "Titled Tuesday Blitz October 19 2021"]
[White "Nguyen, Ngoc Truong Son"]
[Black "Aghasiyev, Kamal"]
[WhiteFideId "12401110"]
[BlackFideId "13402854"]
[WhiteElo "2596"]
[BlackElo "2210"]
[Result "1-0"]
[Round "02"]
[TimeControl "180+1"]
[Date "2021.10.19"]
[WhiteClock "0:01:09"]
[BlackClock "0:00:01"]

1. d4 d5 2. Nf3 Nf6 3. Bf4 c5 4. e3 cxd4 5. exd4 Nc6 6. Nbd2 Bg4 7. c3 a6 8. Qb3 Na5 9. Qc2 Bxf3 10. Nxf3 e6 11. Bd3 Bd6 12. Bg5 h6 13. Bh4 Nc6 14. O-O O-O 15. Rae1 Be7 16. Bg3 Rc8 17. a3 Nh5 18. Qe2 Nxg3 19. hxg3 Bd6 20. Bb1 Qf6 21. Qd3 g6 22. Re2 b5 23. Rfe1 Na5 24. Nh4 Kg7 25. f4 Nc4 26. Qf3 Rfe8 27. Qg4 Nxb2 28. Nxg6 h5 29. Qh3 fxg6 30. Rxe6 Rcd8 31. Rxe8 Rxe8 32. Rxe8 1-0


[Site "https://www.chess.com"]

[Event "Titled Tuesday Blitz October 19 2021"]
[White "Nogerbek, Kazybek"]
[Black "Nozdrachev, Leonid"]
[WhiteFideId "13710427"]
[BlackFideId "24113433"]
[WhiteElo "2436"]
[BlackElo "2124"]
[Result "1-0"]
[Round "02"]
[TimeControl "180+1"]
[Date "2021.10.19"]
[WhiteClock "0:00:18"]
[BlackClock "0:00:04"]

1. d4 Nf6 2. c4 e6 3. Nc3 Bb4 4. Qc2 O-O 5. a3 Bxc3+ 6. Qxc3 b5 7. cxb5 c6 8. g3 Bb7 9. Bg2 Qb6 10. Nf3 Ne4 11. Qe3 cxb5 12. O-O Nd6 13. Qf4 Nf5 14. e4 Nxd4 15. Nxd4 Qxd4 16. Be3 Qxb2 17. Rad1 Qf6 18. Qd6 Nc6 19. Qxd7 Rab8 20. Bf4 e5 21. Be3 Nd4 22. Bxd4 exd4 23. e5 Qb6 24. Qxd4 Bxg2 25. Kxg2 Qxd4 26. Rxd4 Rfd8 27. Rf4 Rd5 28. Rc1 Rxe5 29. Rc7 Rf8 30. Rxa7 g6 31. Rb4 Rc5 32. Ra5 Rfc8 33. Raxb5 Rxb5 34. Rxb5 Rc3 35. a4 Ra3 36. Rb4 h5 37. h4 Ra2 38. Kf3 Kg7 39. Ke3 f6 40. f3 Ra3+ 41. Ke4 Ra1 42. Kd5 g5 43. Kc6 gxh4 44. gxh4 Ra3 45. Rf4 Kf7 46. Kb5 Ke6 47. a5 Ke5 48. Ra4 Rxf3 49. a6 Rg3 50. a7 Rg8 51. a8=Q Rxa8 52. Rxa8 Kf4 53. Kc5 Kg3 54. Ra4 f5 55. Kd5 f4 56. Ke4 f3 57. Ra3 Kxh4 58. Kxf3 Kh3 59. Kf2+ Kg4 60. Kg2 h4 61. Ra4+ Kg5 62. Kh3 Kf6 63. Kxh4 1-0


[Site "https://www.chess.com"]

[Event "Titled Tuesday Blitz October 19 2021"]
[White "Obolenskikh, Dmitry"]
[Black "Seul, Georg"]
[WhiteFideId "4156013"]
[BlackFideId "4601653"]
[WhiteElo "2541"]
[BlackElo "2332"]
[Result "1-0"]
[Round "02"]
[TimeControl "180+1"]
[Date "2021.10.19"]
[WhiteClock "0:01:03"]
[BlackClock "0:00:01"]

1. Nf3 Nf6 2. c4 e6 3. Nc3 Bb4 4. Qc2 d6 5. e3 Nbd7 6. b3 e5 7. Bb2 O-O 8. Rg1 Nc5 9. h3 a5 10. g4 Bxc3 11. Bxc3 Nfe4 12. Bb2 f5 13. g5 f4 14. Be2 fxe3 15. fxe3 a4 16. d3 a3 17. Bc1 Bf5 18. b4 Bg6 19. bxc5 Nxc5 20. e4 c6 21. Be3 Ne6 22. Rb1 d5 23. Nxe5 dxe4 24. Nxg6 hxg6 25. Rxb7 Qd6 26. dxe4 Nd4 27. Bxd4 Qxd4 28. Rg2 1-0


[Site "https://www.chess.com"]

[Event "Titled Tuesday Blitz October 19 2021"]
[White "Obregon, Andres Carlos"]
[Black "Chernobay, Artem"]
[WhiteFideId "111724"]
[BlackFideId "4167406"]
[WhiteElo "2572"]
[BlackElo "2480"]
[Result "1-0"]
[Round "02"]
[TimeControl "180+1"]
[Date "2021.10.19"]
[WhiteClock "0:00:11"]
[BlackClock "0:00:03"]

1. e4 c5 2. Nf3 d6 3. c3 Nf6 4. h3 e6 5. Bd3 Be7 6. Bc2 O-O 7. O-O a6 8. d4 cxd4 9. cxd4 b5 10. a3 Bb7 11. Nc3 Nc6 12. Bg5 h6 13. Bh4 Nh5 14. d5 exd5 15. exd5 Bxh4 16. dxc6 Bxc6 17. Nd4 Bxg2 18. Kxg2 Nf4+ 19. Kh2 Bf6 20. Qd2 Be5 21. Nf3 Qd7 22. Ng1 Nxh3+ 23. f4 Nxf4 24. Rxf4 Qg4 25. Rf1 g5 26. Nd5 gxf4 27. Nf3 Qg3+ 28. Kh1 Kh8 29. Rf2 Rac8 30. Qd3 f5 31. Rg2 Qh3+ 32. Rh2 Qg3 33. Ne7 Kg7 34. Rg2 1-0


[Site "https://www.chess.com"]

[Event "Titled Tuesday Blitz October 19 2021"]
[White "Paltrinieri, Nicholas"]
[Black "Nakamura, Hikaru"]
[WhiteFideId "828262"]
[BlackFideId "2016192"]
[WhiteElo "2254"]
[BlackElo "2884"]
[Result "0-1"]
[Round "02"]
[TimeControl "180+1"]
[Date "2021.10.19"]
[WhiteClock "0:01:02"]
[BlackClock "0:02:11"]

1. f4 d5 2. Nf3 g6 3. e3 Bg7 4. Be2 c5 5. d4 Nc6 6. c3 Nh6 7. Nbd2 Nf5 8. Nf1 Qb6 9. g4 Nd6 10. Ne5 f6 11. Nxc6 bxc6 12. Ng3 cxd4 13. exd4 c5 14. Be3 c4 15. Qd2 f5 16. g5 Rb8 17. O-O-O Qa5 18. Kb1 Bd7 19. h4 Nb5 20. Ka1 Rb6 21. Rb1 Qxa2+ 0-1


[Site "https://www.chess.com"]

[Event "Titled Tuesday Blitz October 19 2021"]
[White "Peralta, Eduardo"]
[Black "Savchenko, Boris"]
[WhiteFideId "3700062"]
[BlackFideId "4147332"]
[WhiteElo "2159"]
[BlackElo "2526"]
[Result "0-1"]
[Round "02"]
[TimeControl "180+1"]
[Date "2021.10.19"]
[WhiteClock "0:00:09"]
[BlackClock "0:00:52"]

1. Nf3 d5 2. g3 Nf6 3. Bg2 Bf5 4. O-O e6 5. c4 c6 6. cxd5 exd5 7. d3 Na6 8. Be3 Bd6 9. Qb3 Qe7 10. Nc3 O-O 11. Rac1 h6 12. Rfe1 Rfe8 13. Bd4 Nc5 14. Qc2 Ne6 15. Bxf6 Qxf6 16. e4 dxe4 17. dxe4 Bg6 18. Qd2 Nc5 19. Nh4 Rad8 20. Qe2 Bh7 21. b4 Be5 22. Qc4 Nd3 23. Nd5 Qxf2+ 24. Kh1 Nxe1 25. Nc7 Nxg2 26. Rf1 Ne3 27. Rxf2 Rd1+ 28. Rf1 Rxf1+ 29. Qxf1 Nxf1 30. Nxe8 Bxe4+ 31. Kg1 Nxg3 32. hxg3 Bxg3 33. Ng2 Bxg2 34. Kxg2 Be5 35. Kf3 Kf8 36. Ke4 f6 0-1


[Site "https://www.chess.com"]

[Event "Titled Tuesday Blitz October 19 2021"]
[White "Rottenwohrer Suarez, Juan"]
[Black "Demchenko, Anton"]
[WhiteFideId "32068182"]
[BlackFideId "4160258"]
[WhiteElo "2158"]
[BlackElo "2583"]
[Result "0-1"]
[Round "02"]
[TimeControl "180+1"]
[Date "2021.10.19"]
[WhiteClock "0:00:04"]
[BlackClock "0:00:12"]

1. c4 e5 2. g3 Bc5 3. Bg2 d6 4. e3 Nc6 5. Ne2 Bb6 6. d4 h5 7. b4 a6 8. b5 axb5 9. cxb5 Nce7 10. dxe5 dxe5 11. Qxd8+ Kxd8 12. Bb2 f6 13. h4 Nh6 14. O-O Bg4 15. Nbc3 Kc8 16. Rfc1 Rd8 17. Rc2 Nhf5 18. a4 Kb8 19. e4 Nd4 20. Nxd4 exd4 21. Nd5 Nxd5 22. exd5 d3 23. Rd2 Be2 24. Bc3 Ba5 25. Bxa5 Rxa5 26. Be4 g5 27. hxg5 fxg5 28. Bxd3 Bf3 29. Bc4 Ka7 30. Bb3 Kb6 31. Re1 Raa8 32. Re5 Re8 33. Re3 g4 34. Rc2 Rac8 35. Rcc3 Ka5 36. Rxe8 Rxe8 37. Re3 Rh8 38. Kf1 h4 39. gxh4 Rxh4 40. Ke1 Kb4 41. Bc2 Bxd5 42. Re7 c5 43. bxc6 Bxc6 44. Kd2 Rh2 45. Ke3 Rh3+ 46. Kd2 Rf3 47. Re2 Kc4 48. Ke1 Kc3 49. Bd1 Rf4 50. Re3+ Kd4 51. Re2 Kc5 52. Rc2+ Kb6 53. Rb2+ Ka5 54. Re2 Bxa4 55. Re5+ b5 56. Re3 Bxd1 57. Kxd1 Rxf2 58. Rg3 Rf4 59. Kc2 Rc4+ 60. Kb3 Kb6 61. Rg2 Re4 62. Rg3 Kc5 63. Rc3+ Kd5 64. Rg3 b4 65. Rg2 Ke5 66. Rg3 Kf4 67. Rg1 g3 68. Rg2 Kf3 69. Rg1 g2 0-1


[Site "https://www.chess.com"]

[Event "Titled Tuesday Blitz October 19 2021"]
[White "Rzayev, Bahruz"]
[Black "Svane, Rasmus"]
[WhiteFideId "13403036"]
[BlackFideId "4657101"]
[WhiteElo "2331"]
[BlackElo "2643"]
[Result "0-1"]
[Round "02"]
[TimeControl "180+1"]
[Date "2021.10.19"]
[WhiteClock "0:00:09"]
[BlackClock "0:01:09"]

1. e4 c6 2. Nc3 d5 3. Nf3 dxe4 4. Nxe4 Nf6 5. Nxf6+ exf6 6. d4 Bd6 7. Bd3 O-O 8. Be3 Re8 9. Qd2 Nd7 10. O-O-O Nf8 11. Kb1 Be6 12. c4 a6 13. h4 b5 14. c5 Bc7 15. h5 a5 16. h6 g6 17. Bf4 Bxf4 18. Qxf4 Bd5 19. Rhe1 Ne6 20. Qg4 a4 21. Be4 a3 22. b3 Qa5 23. Bxd5 cxd5 24. Kc2 Qb4 25. Qh4 g5 26. Qh3 Nxc5 27. dxc5 Qxc5+ 28. Kd3 Qxf2 29. Rxe8+ Rxe8 0-1


[Site "https://www.chess.com"]

[Event "Titled Tuesday Blitz October 19 2021"]
[White "Salinas Herrera, Pablo"]
[Black "Perdomo, Carlos Andres"]
[WhiteFideId "3407128"]
[BlackFideId "4400852"]
[WhiteElo "2541"]
[BlackElo "2268"]
[Result "1-0"]
[Round "02"]
[TimeControl "180+1"]
[Date "2021.10.19"]
[WhiteClock "0:01:17"]
[BlackClock "0:00:12"]

1. d4 Nf6 2. Nf3 e6 3. Bf4 b6 4. e3 Bb7 5. Nbd2 c5 6. c3 Nc6 7. Bd3 d5 8. O-O Bd6 9. Ne5 Qc7 10. Ndf3 O-O 11. Bg3 Ne4 12. Nxc6 Bxg3 13. hxg3 Bxc6 14. Ne5 Bb7 15. Qh5 f6 16. Nf3 Qf7 17. Qh4 Qg6 18. c4 Rad8 19. cxd5 exd5 20. dxc5 bxc5 21. Rac1 c4 22. Bb1 Rfe8 23. Nd4 Qg5 24. Bxe4 Rxe4 25. Qxg5 fxg5 26. Rfd1 h5 27. Nb5 a6 28. Nc3 Re5 29. Rd4 Kf7 30. Rcd1 Ke6 31. Rxc4 dxc4 32. Rxd8 Ra5 33. Rd4 Rc5 34. f3 Rc7 35. Kf2 a5 36. e4 Ba6 37. Rd5 Rb7 38. Rd2 Rb4 39. Ke3 a4 40. a3 Rb3 41. Kd4 Rb8 42. Nxa4 Rd8+ 43. Kc3 Ra8 44. Nc5+ Ke5 45. Rd5+ Kf6 46. Rd6+ 1-0


[Site "https://www.chess.com"]

[Event "Titled Tuesday Blitz October 19 2021"]
[White "Sanal, Vahap"]
[Black "Hjartarson, Johann"]
[WhiteFideId "6300545"]
[BlackFideId "2300044"]
[WhiteElo "2492"]
[BlackElo "2502"]
[Result "1-0"]
[Round "02"]
[TimeControl "180+1"]
[Date "2021.10.19"]
[WhiteClock "0:01:20"]
[BlackClock "0:00:16"]

1. e4 Nf6 2. e5 Nd5 3. d4 d6 4. Nf3 Bg4 5. Be2 e6 6. O-O Be7 7. exd6 cxd6 8. c4 Nb6 9. b3 O-O 10. h3 Bxf3 11. Bxf3 Nc6 12. Nc3 Bf6 13. Be3 d5 14. cxd5 Nxd5 15. Nxd5 exd5 16. Qd3 Qd6 17. Rad1 Rfd8 18. g3 g6 19. h4 Rac8 20. Rd2 Nb4 21. Qb1 a5 22. Kg2 Rc3 23. Re2 Rdc8 24. Bd2 R3c6 25. Bg4 Ra8 26. Bf4 Qf8 27. Rfe1 Rd8 28. a3 Na6 29. Qd3 Nc7 30. h5 Re8 31. Rxe8 Nxe8 32. Bd7 Nd6 33. Bxc6 bxc6 34. Bxd6 Qxd6 35. h6 Be7 36. Qa6 Bf8 37. Re8 Qxa3 38. Qxc6 Qxb3 39. Qd6 1-0


[Site "https://www.chess.com"]

[Event "Titled Tuesday Blitz October 19 2021"]
[White "Saya, Ethan"]
[Black "Jumabayev, Rinat"]
[WhiteFideId "26095181"]
[BlackFideId "13702661"]
[WhiteElo "2217"]
[BlackElo "2535"]
[Result "1-0"]
[Round "02"]
[TimeControl "180+1"]
[Date "2021.10.19"]
[WhiteClock "0:00:34"]
[BlackClock "0:00:35"]

1. e4 c5 2. Nc3 d6 3. d4 cxd4 4. Qxd4 Nc6 5. Bb5 Bd7 6. Bxc6 Bxc6 7. Nf3 Nf6 8. Bg5 e6 9. O-O-O Be7 10. Bxf6 Bxf6 11. Qxd6 Qxd6 12. Rxd6 Bxc3 13. bxc3 Bxe4 14. Ne5 Rc8 15. Rhd1 O-O 16. f3 Bd5 17. c4 Bxc4 18. Nxc4 Rxc4 19. Rd7 h5 20. Rxb7 Rfc8 21. Rd2 Ra4 22. Kb2 a6 23. Rdd7 Rac4 24. Rd2 h4 25. a3 a5 26. Rb5 h3 27. g3 Rc3 28. f4 a4 29. Rb4 R8c4 30. Rxa4 Rxa4 31. Kxc3 Rxa3+ 32. Kb4 Ra1 33. c4 Rb1+ 34. Ka5 Rg1 35. c5 Rg2 36. Rd8+ Kh7 37. c6 Rxh2 38. c7 Ra2+ 39. Kb6 Rb2+ 40. Ka5 h2 41. c8=Q Ra2+ 42. Kb4 Kg6 43. Rh8 1-0


[Site "https://www.chess.com"]

[Event "Titled Tuesday Blitz October 19 2021"]
[White "Sethuraman, S.P."]
[Black "Ghazarian, Kirk"]
[WhiteFideId "5021596"]
[BlackFideId "30908604"]
[WhiteElo "2477"]
[BlackElo "2003"]
[Result "1-0"]
[Round "02"]
[TimeControl "180+1"]
[Date "2021.10.19"]
[WhiteClock "0:02:33"]
[BlackClock "0:02:13"]

1. d4 Nf6 2. c4 c6 3. Nf3 b5 4. e3 bxc4 5. Bxc4 d5 6. Be2 e6 7. O-O Be7 8. Nc3 O-O 9. b3 c5 10. dxc5 Bxc5 11. Bb2 Nbd7 12. Rc1 Bb7 13. Bd3 Qe7 14. Qe2 Rfc8 15. e4 dxe4 16. Nxe4 Nxe4 17. Bxe4 Bxe4 18. Qxe4 Nf6 19. Bxf6 Qxf6 20. Rxc5 1-0


[Site "https://www.chess.com"]

[Event "Titled Tuesday Blitz October 19 2021"]
[White "Sukovic, Andrej"]
[Black "Holt, Conrad"]
[WhiteFideId "16502310"]
[BlackFideId "2034387"]
[WhiteElo "2355"]
[BlackElo "2586"]
[Result "1-0"]
[Round "02"]
[TimeControl "180+1"]
[Date "2021.10.19"]
[WhiteClock "0:00:02"]
[BlackClock "0:00:02"]

1. b3 e5 2. Bb2 d6 3. e3 Nf6 4. d4 exd4 5. exd4 d5 6. Nf3 Bb4+ 7. c3 Bd6 8. Bd3 Qe7+ 9. Qe2 Qxe2+ 10. Kxe2 O-O 11. Re1 Bg4 12. Nd2 Nc6 13. h3 Bh5 14. Kf1 a6 15. g4 Bg6 16. Bxg6 fxg6 17. Kg2 h5 18. g5 Nd7 19. Re6 Rf5 20. Rae1 Kh7 21. Re8 Rxe8 22. Rxe8 Bf4 23. h4 Rf7 24. Ba3 a5 25. Nf1 a4 26. Ne3 Bxe3 27. fxe3 axb3 28. axb3 Na5 29. Nd2 Nb6 30. Bc5 Nd7 31. Bb4 Nc6 32. Ba3 Nb6 33. Bc5 Nd7 34. Ba3 Nb6 35. c4 dxc4 36. bxc4 Na5 37. c5 Nd5 38. Re5 c6 39. Kg3 Kg8 40. e4 Nc7 41. Bb4 Nb5 42. Re8+ Kh7 43. Bxa5 Nxd4 44. Kg2 Ne2 45. Bb6 Nf4+ 46. Kg3 Ne2+ 47. Kg2 Nf4+ 48. Kf3 Nd3+ 49. Ke3 Nb4 50. Nf3 Nc2+ 51. Ke2 Nb4 52. Ne5 Rf4 53. Ke3 Rxh4 54. Nf7 Rh3+ 55. Kf2 Nd3+ 56. Kg1 Rg3+ 57. Kh2 1-0


[Site "https://www.chess.com"]

[Event "Titled Tuesday Blitz October 19 2021"]
[White "Svidler, Peter"]
[Black "King, Alexander"]
[WhiteFideId "4102142"]
[BlackFideId "2063620"]
[WhiteElo "2709"]
[BlackElo "2306"]
[Result "1-0"]
[Round "02"]
[TimeControl "180+1"]
[Date "2021.10.19"]
[WhiteClock "0:00:14"]
[BlackClock "0:00:01"]

1. e4 e5 2. Nf3 Nc6 3. Bb5 Nf6 4. d3 Bc5 5. c3 O-O 6. O-O Re8 7. Nbd2 a6 8. Ba4 b5 9. Bb3 d6 10. Re1 h6 11. Nf1 Bb6 12. Ng3 Be6 13. Bc2 d5 14. exd5 Qxd5 15. h3 Rad8 16. Be3 Bxe3 17. Rxe3 Qd6 18. Re1 Nd5 19. d4 exd4 20. cxd4 Nf6 21. Nf5 Bxf5 22. Rxe8+ Nxe8 23. Bxf5 Nxd4 24. Nxd4 Qxd4 25. Qxd4 Rxd4 26. Rc1 g6 27. Bc8 Rd2 28. Bxa6 Rxb2 29. Rc5 Nd6 30. Rxc7 Rxa2 31. Rc6 Ne4 32. Bxb5 Ra1+ 33. Kh2 Nxf2 34. Bc4 Rh1+ 35. Kg3 Ne4+ 36. Kf4 Ng5 37. Rxg6+ Kh7 38. Rc6 Kg7 39. Kg4 Rd1 40. Rc7 Rd4+ 41. Kh5 Kf6 42. h4 Ne4 43. Rxf7+ Ke5 44. Ba6 Ng3+ 45. Kxh6 Rxh4+ 46. Kg5 Ra4 47. Bb7 Ne2 48. g4 Nd4 49. Re7+ Kd6 50. Re4 Ne6+ 51. Kf6 1-0


[Site "https://www.chess.com"]